| TOP OF THE 1ST |
|
Wausau Timbers batting - Pitching for Waterloo Hawks : LHP Richard Spanton
|
|
Pitching: LHP Richard Spanton
|
|
|
Batting: RHB John Nicolo
|
0-0: Ball 1-0: Foul Ball, location: 2F 1-1: Ball 2-1: Reached on error, E5 (Groundball, 5, EV 99.4 MPH)
|
|
Batting: LHB Rodney Nealeigh
|
0-0: Ball 1-0: Ball 2-0: Ball 3-0: Called Strike 3-1: Base on Balls John Nicolo to second
|
|
Batting: RHB Alan Griffin
|
0-0: Foul Ball, location: 2F 0-1: Fly out, F8 (Flyball, 89M, EV 87.5 MPH)
|
|
Batting: RHB Rich Renteria
|
0-0: Ball 1-0: Ball 2-0: Foul Ball, location: 2F 2-1: Fly out, F9 (Flyball, 9D, EV 100.0 MPH) Runner from 2nd tags up, SAFE at 3rd, no throw by RF
|
|
Batting: SHB James Flores
|
0-0: Ball 1-0: Ball 2-0: Ball 3-0: Called Strike 3-1: Fly out, F7 (Flyball, 78D, EV 108.1 MPH)
|
| Top of the 1st over - 0 runs, 0 hits, 1 error, 2 left on base; Wausau 0 - Waterloo 0 |
| BOTTOM OF THE 1ST |
|
Waterloo Hawks batting - Pitching for Wausau Timbers : RHP Doug Cook
|
|
Pitching: RHP Doug Cook
|
|
|
Batting: RHB Anthony Laurenzi
|
0-0: Foul Ball, location: 2F 0-1: Ball 1-1: Ball 2-1: Ball 3-1: Base on Balls
|
|
Batting: RHB Jay Loviglio
|
0-0: Ball 1-0: Fly out, F7 (Line Drive, 7D, EV 103.1 MPH)
|
|
Batting: RHB Tony Evans
|
0-0: Ball 1-0: Swinging Strike 1-1: Ball 2-1: Called Strike 2-2: Grounds into double play, 1-6-3 (Groundball, 13S, EV 70.6 MPH)
|
| Bottom of the 1st over - 0 runs, 0 hits, 0 errors, 0 left on base; Wausau 0 - Waterloo 0 |
| TOP OF THE 2ND |
|
Wausau Timbers batting - Pitching for Waterloo Hawks : LHP Richard Spanton
|
|
Batting: RHB Bruce Chaney
|
0-0: Fly out, F9 (Flyball, 9LS, EV 92.5 MPH)
|
|
Batting: RHB Jeffrey Young
|
0-0: TRIPLE (Flyball, 9D, EV 107.5 MPH)
|
|
Batting: RHB John Pignotti
|
0-0: Ball 1-0: Foul Ball, location: 2F 1-1: Ball 2-1: Foul Ball, location: 2F 2-2: Ball 3-2: Ground out 6-3 (Groundball, 6S, EV 87.5 MPH) Jeffrey Young scores
|
|
Batting: LHB Ricky Seilheimer
|
0-0: Ball 1-0: Fly out, F8 (Flyball, 8RM, EV 85.0 MPH)
|
| Top of the 2nd over - 1 run, 1 hit, 0 errors, 0 left on base; Wausau 1 - Waterloo 0 |
| BOTTOM OF THE 2ND |
|
Waterloo Hawks batting - Pitching for Wausau Timbers : RHP Doug Cook
|
|
Batting: RHB Carmelo Aguayo
|
0-0: Foul Ball, location: 2F 0-1: DOUBLE (Line Drive, 9LM, EV 87.5 MPH)
|
|
Batting: RHB Ray Torres
|
0-0: Ball 1-0: Ground out 4-3 (Groundball, 4MS, EV 73.8 MPH) Carmelo Aguayo to third
|
|
Batting: LHB Burk Goldthorn
|
0-0: Ball 1-0: Called Strike 1-1: Ball 2-1: Swinging Strike 2-2: Ground out U3 (Groundball, 13, EV 90.6 MPH) Carmelo Aguayo scores
|
|
Batting: RHB Michael Williams
|
0-0: Ball 1-0: Ground out 5-3 (Groundball, 56, EV 98.8 MPH)
|
| Bottom of the 2nd over - 1 run, 1 hit, 0 errors, 0 left on base; Wausau 1 - Waterloo 1 |
| TOP OF THE 3RD |
|
Wausau Timbers batting - Pitching for Waterloo Hawks : LHP Richard Spanton
|
|
Batting: RHB John Nicolo
|
0-0: Swinging Strike 0-1: Ground out 5-3 (Groundball, 56S, EV 82.5 MPH)
|
|
Batting: LHB Rodney Nealeigh
|
0-0: Ball 1-0: Ball 2-0: SINGLE (Flyball, 7S, EV 90.0 MPH)
|
|
Batting: RHB Alan Griffin
|
0-0: Ball 1-0: SINGLE (Flyball, 8LS, EV 92.5 MPH) Rodney Nealeigh to second Runner from 2nd tries for 3rd, SAFE, no throw by CF
|
|
Batting: RHB Rich Renteria
|
0-0: Called Strike 0-1: Grounds into double play, 6-4-3 (Groundball, 6, EV 81.9 MPH)
|
| Top of the 3rd over - 0 runs, 2 hits, 0 errors, 1 left on base; Wausau 1 - Waterloo 1 |
| BOTTOM OF THE 3RD |
|
Waterloo Hawks batting - Pitching for Wausau Timbers : RHP Doug Cook
|
|
Batting: RHB David Hoyt
|
0-0: Ball 1-0: Ball 2-0: Ball 3-0: Base on Balls
|
|
Batting: RHB David Cusack
|
0-0: Ball 1-0: Foul Ball, location: 2F 1-1: Ball Wild Pitch! David Hoyt to second 2-1: Ground out 4-3 (Groundball, 4, EV 80.0 MPH) David Hoyt to third
|
|
Batting: RHB Anthony Laurenzi
|
0-0: Called Strike 0-1: Ball 1-1: Bunt missed! 1-2: Foul Ball, location: 2F 1-2: Foul Ball, location: 2F 1-2: Ball 2-2: Ball 3-2: Base on Balls
|
|
Batting: RHB Jay Loviglio
|
0-0: Foul Ball, location: 2F 0-1: Ball 1-1: Ball 2-1: Fly out, F2 (Popup, 23F, EV 85.6 MPH)
|
|
Batting: RHB Tony Evans
|
0-0: Ball 1-0: Called Strike 1-1: SINGLE (Line Drive, 78S, EV 95.0 MPH) David Hoyt scores Anthony Laurenzi to second Runner from 2nd tries for 3rd, SAFE, throw by LF made to third
|
|
Batting: RHB Carmelo Aguayo
|
0-0: Ball 1-0: Foul Ball, location: 2F 1-1: Ball 2-1: Swinging Strike 2-2: Foul Ball, location: 2F 2-2: Foul Ball, location: 2F 2-2: Foul Ball, location: 2F 2-2: Ball 3-2: Ground out U3 (Groundball, 34, EV 80.6 MPH)
|
| Bottom of the 3rd over - 1 run, 1 hit, 0 errors, 2 left on base; Wausau 1 - Waterloo 2 |
| TOP OF THE 4TH |
|
Wausau Timbers batting - Pitching for Waterloo Hawks : LHP Richard Spanton
|
|
Batting: SHB James Flores
|
0-0: Called Strike 0-1: Ball 1-1: Ball 2-1: Called Strike 2-2: Foul Ball, location: 2F 2-2: Foul Ball, location: 2F 2-2: Ball 3-2: Foul Ball, location: 2F 3-2: Base on Balls
|
|
Batting: RHB Bruce Chaney
|
0-0: Ball 1-0: Ball 2-0: Called Strike 2-1: Foul Ball, location: 2F 2-2: SINGLE (Line Drive, 7S, EV 101.9 MPH) James Flores to second
|
|
Batting: RHB Jeffrey Young
|
0-0: Fly out, F7 (Flyball, 7, EV 76.3 MPH)
|
|
Batting: RHB John Pignotti
|
0-0: Called Strike 0-1: Grounds into double play, 6-4-3 (Groundball, 6M, EV 98.1 MPH)
|
| Top of the 4th over - 0 runs, 1 hit, 0 errors, 1 left on base; Wausau 1 - Waterloo 2 |
| BOTTOM OF THE 4TH |
|
Waterloo Hawks batting - Pitching for Wausau Timbers : RHP Doug Cook
|
|
Batting: RHB Ray Torres
|
0-0: Fly out, F6 (Line Drive, 6, EV 72.5 MPH)
|
|
Batting: LHB Burk Goldthorn
|
0-0: Ground out 1-3 (Groundball, 13, EV 69.4 MPH)
|
|
Batting: RHB Michael Williams
|
0-0: Ball 1-0: Ball 2-0: Ball 3-0: Called Strike 3-1: Bunted foul 3-2: Foul Ball, location: 2F 3-2: Foul Ball, location: 2F 3-2: Ground out 6-3 (Groundball, 6, EV 101.9 MPH)
|
| Bottom of the 4th over - 0 runs, 0 hits, 0 errors, 0 left on base; Wausau 1 - Waterloo 2 |
| TOP OF THE 5TH |
|
Wausau Timbers batting - Pitching for Waterloo Hawks : LHP Richard Spanton
|
|
Batting: LHB Ricky Seilheimer
|
0-0: Called Strike 0-1: Foul Ball, location: 2F 0-2: Fly out, F8 (Flyball, 8LXD, EV 91.3 MPH)
|
|
Batting: RHB John Nicolo
|
0-0: Reached on error, E3 (Groundball, 34, EV 83.8 MPH)
|
|
Batting: LHB Rodney Nealeigh
|
0-0: Ball 1-0: Called Strike 1-1: Ball 2-1: Ground out 4-3 (Groundball, 4, EV 86.3 MPH) John Nicolo to third
|
|
Batting: RHB Alan Griffin
|
0-0: Ball 1-0: Ball 2-0: Ball 3-0: Base on Balls
|
|
Batting: RHB Rich Renteria
|
0-0: Fly out, F9 (Line Drive, 9, EV 96.9 MPH)
|
| Top of the 5th over - 0 runs, 0 hits, 1 error, 2 left on base; Wausau 1 - Waterloo 2 |
| BOTTOM OF THE 5TH |
|
Waterloo Hawks batting - Pitching for Wausau Timbers : RHP Doug Cook
|
|
Batting: RHB David Hoyt
|
0-0: Called Strike 0-1: Ball 1-1: Called Strike 1-2: Foul Ball, location: 2F 1-2: Ball 2-2: Ball 3-2: Base on Balls
|
|
Batting: RHB David Cusack
|
0-0: Ball 1-0: Ball 2-0: Called Strike 2-1: Ball 3-1: Base on Balls David Hoyt to second
|
|
Batting: RHB Anthony Laurenzi
|
0-0: Sac Bunt to 15 - play at first, batter OUT! 1-3 David Hoyt to third David Cusack to second
|
|
Batting: RHB Jay Loviglio
|
0-0: Ball 1-0: Ground out U3 (Groundball, 3, EV 83.1 MPH)
|
|
Batting: RHB Tony Evans
|
0-0: Foul Ball, location: 2F 0-1: Foul Ball, location: 2F 0-2: Strikes out swinging
|
| Bottom of the 5th over - 0 runs, 0 hits, 0 errors, 2 left on base; Wausau 1 - Waterloo 2 |
| TOP OF THE 6TH |
|
Wausau Timbers batting - Pitching for Waterloo Hawks : LHP Richard Spanton
|
|
Batting: SHB James Flores
|
0-0: Ball 1-0: Ball 2-0: Ground out 4-3 (Groundball, 4, EV 88.8 MPH)
|
|
Batting: RHB Bruce Chaney
|
0-0: Called Strike 0-1: Called Strike 0-2: Ground out 6-3 (Groundball, 6, EV 100.6 MPH)
|
|
Batting: RHB Jeffrey Young
|
0-0: Ground out 6-3 (Groundball, 6, EV 103.1 MPH)
|
| Top of the 6th over - 0 runs, 0 hits, 0 errors, 0 left on base; Wausau 1 - Waterloo 2 |
| BOTTOM OF THE 6TH |
|
Waterloo Hawks batting - Pitching for Wausau Timbers : RHP Doug Cook
|
|
Batting: RHB Carmelo Aguayo
|
0-0: Ball 1-0: Swinging Strike 1-1: Foul Ball, location: 2F 1-2: Strikes out swinging
|
|
Batting: RHB Ray Torres
|
0-0: Foul Ball, location: 2F 0-1: Ball 1-1: Swinging Strike 1-2: Strikes out swinging
|
|
Batting: LHB Burk Goldthorn
|
0-0: Fly out, F9 (Flyball, 9D, EV 87.5 MPH)
|
| Bottom of the 6th over - 0 runs, 0 hits, 0 errors, 0 left on base; Wausau 1 - Waterloo 2 |
| TOP OF THE 7TH |
|
Wausau Timbers batting - Pitching for Waterloo Hawks : LHP Richard Spanton
|
|
Batting: RHB John Pignotti
|
0-0: Ground out 6-3 (Groundball, 6, EV 81.9 MPH)
|
|
Batting: LHB Ricky Seilheimer
|
0-0: Called Strike 0-1: Called Strike 0-2: Foul Ball, location: 2F 0-2: Ball 1-2: Foul Ball, location: 2F 1-2: Ball 2-2: Strikes out swinging
|
|
Batting: RHB John Nicolo
|
0-0: Swinging Strike 0-1: Ball 1-1: Foul Ball, location: 2F 1-2: Ball 2-2: Ground out 5-3 (Groundball, 5, EV 79.4 MPH)
|
| Top of the 7th over - 0 runs, 0 hits, 0 errors, 0 left on base; Wausau 1 - Waterloo 2 |
| BOTTOM OF THE 7TH |
|
Waterloo Hawks batting - Pitching for Wausau Timbers : RHP Doug Cook
|
|
Batting: RHB Michael Williams
|
0-0: Called Strike 0-1: Ball 1-1: DOUBLE (Flyball, 7LD, EV 93.1 MPH)
|
|
Batting: RHB David Hoyt
|
0-0: Intentional Walk
|
|
Pinch Runner at 2nd Mark Sheehy:
|
|
|
Batting: RHB David Cusack
|
0-0: Foul Ball, location: 2F 0-1: Ball 1-1: Ball 2-1: Ball 3-1: Swinging Strike 3-2: Base on Balls Mark Sheehy to third David Hoyt to second
|
|
Batting: RHB Anthony Laurenzi
|
0-0: Ball 1-0: Ball 2-0: Grounds into fielders choice 6-2 (Groundball, 6, EV 75.6 MPH) David Hoyt to third David Cusack to second
|
|
Batting: RHB Jay Loviglio
|
0-0: Called Strike 0-1: Ball 1-1: Swinging Strike 1-2: SINGLE (Groundball, 56, EV 101.3 MPH) David Hoyt scores David Cusack to third Anthony Laurenzi to second
|
|
Batting: RHB Tony Evans
|
0-0: Ball 1-0: Ball 2-0: Ball 3-0: Called Strike 3-1: Foul Ball, location: 2F 3-2: Base on Balls David Cusack scores Anthony Laurenzi to third Jay Loviglio to second
|
|
Pitching: RHP Jean Marquis
|
|
|
Batting: RHB Carmelo Aguayo
|
0-0: Ball 1-0: Ball 2-0: Ball 3-0: Base on Balls Anthony Laurenzi scores Jay Loviglio to third Tony Evans to second
|
|
Batting: RHB Ray Torres
|
0-0: Ball 1-0: Ball 2-0: Foul Ball, location: 2F 2-1: Ball 3-1: Grounds into fielders choice 3-2 (Groundball, 34S, EV 85.0 MPH) Tony Evans to third Carmelo Aguayo to second
|
|
Batting: LHB Burk Goldthorn
|
0-0: Called Strike 0-1: Ground out 6-3 (Groundball, 6M, EV 95.6 MPH)
|
| Bottom of the 7th over - 3 runs, 2 hits, 0 errors, 3 left on base; Wausau 1 - Waterloo 5 |
| TOP OF THE 8TH |
|
Wausau Timbers batting - Pitching for Waterloo Hawks : LHP Richard Spanton
|
|
Now at 1B: Bruce Humphrey
|
|
|
Batting: LHB Rodney Nealeigh
|
0-0: Ball 1-0: Called Strike 1-1: Ground out 6-3 (Groundball, 6, EV 80.0 MPH)
|
|
Batting: RHB Alan Griffin
|
0-0: Ball 1-0: Ball 2-0: Ball 3-0: Base on Balls
|
|
Batting: RHB Rich Renteria
|
0-0: Ball 1-0: Ball 2-0: Ball 3-0: Called Strike 3-1: Fielders Choice at 2nd, 6-4 (Groundball, 6, EV 88.8 MPH)
|
|
Batting: SHB James Flores
|
0-0: Called Strike 0-1: Foul Ball, location: 2F 0-2: Foul Ball, location: 2F 0-2: Ball 1-2: DOUBLE (Flyball, 9LM, EV 96.9 MPH) Rich Renteria to third Runner from 3rd tries for Home, SAFE, throw by RF to home
|
|
Batting: RHB Bruce Chaney
|
0-0: Ball 1-0: Swinging Strike 1-1: Ball 2-1: Swinging Strike 2-2: Foul Ball, location: 2F 2-2: Strikes out swinging
|
| Top of the 8th over - 1 run, 1 hit, 0 errors, 1 left on base; Wausau 2 - Waterloo 5 |
| BOTTOM OF THE 8TH |
|
Waterloo Hawks batting - Pitching for Wausau Timbers : RHP Jean Marquis
|
|
Batting: LHB Bruce Humphrey
|
0-0: Called Strike 0-1: Called Strike 0-2: Ball 1-2: Ball 2-2: Ground out U3 (Groundball, 3, EV 85.0 MPH)
|
|
Batting: RHB David Hoyt
|
0-0: Ball 1-0: Ball 2-0: Ball 3-0: Base on Balls
|
|
Batting: RHB David Cusack
|
0-0: Fly out, F9 (Flyball, 9, EV 88.1 MPH)
|
|
Batting: RHB Anthony Laurenzi
|
0-0: Ball 1-0: Foul Ball, location: 2F 1-1: Foul Ball, location: 2F 1-2: SINGLE (Groundball, 25, EV 75.0 MPH) (infield hit) David Hoyt to second
|
|
Batting: RHB Jay Loviglio
|
0-0: SINGLE (Line Drive, 6MD, EV 103.1 MPH) David Hoyt to third Anthony Laurenzi to second Runner from 3rd tries for Home, SAFE, throw by CF to home
|
|
Batting: RHB Tony Evans
|
0-0: DOUBLE (Groundball, 5L, EV 106.9 MPH) Anthony Laurenzi scores Jay Loviglio to third
|
|
Batting: RHB Carmelo Aguayo
|
0-0: Ball 1-0: Called Strike 1-1: Foul Ball, location: 2F 1-2: Ground out U3 (Groundball, 3, EV 83.1 MPH)
|
| Bottom of the 8th over - 2 runs, 3 hits, 0 errors, 2 left on base; Wausau 2 - Waterloo 7 |
| TOP OF THE 9TH |
|
Wausau Timbers batting - Pitching for Waterloo Hawks : LHP Richard Spanton
|
|
Batting: RHB Jeffrey Young
|
0-0: Ball 1-0: Fly out, F2 (Popup, 15S, EV 91.9 MPH)
|
|
Batting: RHB John Pignotti
|
0-0: Ball 1-0: Called Strike 1-1: Ground out 6-3 (Groundball, 56, EV 105.0 MPH)
|
|
Batting: LHB Ricky Seilheimer
|
0-0: Reached on error, E5 (Groundball, 56, EV 85.6 MPH)
|
|
Batting: RHB John Nicolo
|
0-0: Called Strike 0-1: Foul Ball, location: 2F 0-2: Foul Ball, location: 2F 0-2: Fly out, F9 (Flyball, 9, EV 91.3 MPH)
|
| Top of the 9th over - 0 runs, 0 hits, 1 error, 1 left on base; Wausau 2 - Waterloo 7 |
|